 Dungeon Crawl Stone Soup version 0.28-a0-987-g8383568036 (webtiles) character file.

Game seed: 9178650598713387348

3500 AarnesTheHuman the Zephyrmancer (level 10, -3/50 HPs)
             Began as a Tengu Air Elementalist on Dec 4, 2021.
             Was a Follower of Ru.
             Slain by a bullfrog (4 damage)
             ... on level 8 of the Dungeon.
             The game lasted 00:32:40 (11008 turns).

AarnesTheHuman the Zephyrmancer (TeAE)             Turns: 11008, Time: 00:32:40

Health: -3/50      AC: -1    Str:  9    XL:     10   Next: 7%
Magic:  8/21       EV: 18    Int: 19    God:    Ru [*.....]
Gold:   329        SH: 11    Dex: 15    Spells: 8/22 levels left

rFire   . . .      SeeInvis .   G - +4 dagger
rCold   + . .      Faith    .   s - +1 buckler
rNeg    . . .      Spirit   .   a - +0 robe
rPois   +          Reflect  +   (helmet restricted)
rElec   .          Harm     .   y - +0 cloak
rCorr   .          Rampage  .   D - +0 pair of gloves
Will    .....                   (boots unavailable)
Stlth   ++........              j - amulet of reflection
HPRegen 0.16/turn               b - ring of poison resistance
MPRegen 0.17/turn               x - ring of protection from cold

@: flying quickly and evasively, quick
A: beak, talons 3, reduced AC 1, nimble flight
a: Renounce Religion


You were on level 8 of the Dungeon.
You worshipped Ru.
Ru was aware of your devotion.
You visited 2 branches of the dungeon, and saw 9 of its levels.

You collected 329 gold pieces.

Inventory:

Hand Weapons
 i - a +0 whip
 m - a +3 hand axe of venom
 p - a +2 vorpal mace
 G - a +4 dagger (weapon)
 H - a +3 falchion
Missiles
 c - 176 stones
 f - 47 poisoned darts (quivered)
 q - 36 sling bullets
 v - 2 javelins
 E - a throwing net
 J - 2 atropa-tipped darts
Armour
 a - a +0 robe (worn)
 s - a +1 buckler (worn)
 y - a +0 cloak (worn)
 D - a +0 pair of gloves (worn)
Magical Staves
 e - a staff of cold
Jewellery
 b - a ring of poison resistance (left hand)
 g - an amulet of magic regeneration
 j - an amulet of reflection (around neck)
 x - a ring of protection from cold (right hand)
Wands
 w - a wand of polymorph (8)
 C - a wand of flame (16)
Scrolls
 h - 5 scrolls of fog
 u - 4 scrolls of vulnerability
 A - a scroll of enchant weapon
Potions
 d - a potion of brilliance
 k - 2 potions of heal wounds
 l - a potion of attraction
 n - a potion of might
 o - a potion of haste {unknown}
 t - a potion of invisibility {unknown}
 z - a potion of mutation {unknown}
 B - a potion of curing
 F - a potion of cancellation {unknown}
 I - a potion of degeneration {unknown}


   Skills:
 + Level 6.6 Dodging
 - Level 2.0 Stealth
 - Level 4.0 Shields
 + Level 6.8 Spellcasting
 - Level 5.5 Conjurations
 + Level 6.0 Summonings
 + Level 10.1 Air Magic


You had 8 spell levels left.
You knew the following spells:

 Your Spells              Type           Power      Damage    Failure   Level
a - Shock                 Conj/Air       100%       1d9       1%          1
b - Static Discharge      Conj/Air       36%        N/A       1%          2
c - Airstrike             Air            22%        N/A       1%          4
d - Swiftness             Air            45%        N/A       1%          3
e - Summon Lightning Spi  Summ/Air       37%        N/A       3%          4

Your spell library contained the following spells:

 Spells                   Type           Power      Damage    Failure   Level
 Lightning Bolt           Conj/Air       18%        1d32      12%         5
 Ensorcelled Hibernation  Hex/Ice        12%        N/A       16%         2
 Spider Form              Tmut/Pois      6%         N/A       30%         3


Dungeon Overview and Level Annotations

Branches:
Dungeon (8/15)             Temple (1/1) D:4
   Lair: D:8-11

Altars:
Ashenzari
Cheibriados
Dithmenos
Elyvilon
Fedhas
Gozag
Hepliaklqana
Kikubaaqudgha
Makhleb
Nemelex Xobeh
Okawaru
Qazlal
Ru
Sif Muna
Trog
Uskayaw
Vehumet
Wu Jian
Xom
Yredelemnul
Zin
The Shining One

Shops:
D:4 *   D:5 :   D:7 *

Portals:
Bailey: D:8

Annotations:
D:3 2 transporters, exclusion: downstairs, PirateVox's ghost, amateur GnBe
D:4 exclusions: downstairs and ogre
D:5 3 runed translucent doors, exclusion: 3 doors, Decritt's ghost, novice MiFi; paps's ghost, weakling OpDe
D:7 exclusion: phantom
D:8 Maggie


Innate Abilities, Weirdness & Mutations

You have a beak for a mouth.
You have claws for feet.
You take slightly more damage. (AC -5)
Your magical nature lets you fly swiftly and evasively.


Message History

Okay, then.
Unknown command.
Unknown command.
The centaur shoots an arrow.
The arrow barely misses you.
A goblin comes into view. It is wielding a +0 hand axe.
Found a flagged portal.
The goblin shouts!
A goblin comes into view. It is wielding a +0 hand axe. x2
Casting: Shock (safe; 1% risk of failure)
Confirm with . or Enter, or press ? or * to list all spells.
Aiming: Shock (safe; 1% risk of failure)
Press: ? - help, Shift-Dir - straight line
Okay, then.
A goblin comes into view. It is wielding a +0 hand axe.
Found 9 gold pieces.
You see here an amulet of magic regeneration.
The centaur shoots an arrow.
You reflect the arrow off an invisible shield around you!
The arrow hits the goblin!
You kill the goblin!
The bullfrog closely misses you.
The centaur shoots an arrow.
The arrow barely misses you.
You hear a shout!
A gnoll comes into view. It is wielding a +0 flail.
The centaur shoots an arrow.
The arrow hits you!
* * * LOW HITPOINT WARNING * * *
Maggie shouts, "No!
I'll never do that again!"
Maggie begins to cast a spell, but is stunned by your conviction!
The bullfrog hits you.
* * * LOW HITPOINT WARNING * * *
A gnoll comes into view. It is wielding a +0 flail.
You hear the faint creaking of a portcullis very nearby.
Maggie seems to regain her courage.
The bullfrog seems to regain its courage.
The centaur shoots an arrow.
The arrow hits you.
* * * LOW HITPOINT WARNING * * *
Maggie mumbles some strange words.
Maggie attempts to bespell you! You resist with some effort.
The bullfrog hits you.
You die...

##..# #.g........ ##.#
#.#.....#.. #.#
##.#.####### #.#
#..g.......# #.#
#.g≈≈≈≈≈≈≈.# ###
######g.≈#####c.#
#.......≈#g..#≈.#
########.......≈#.∩.#≈.#
.......@F.g..g.≈#.g.#≈.#
########.....".≈##.##≈.#
#@...c..≈≈≈≈≈≈≈.#
#.$.....).......#
######g.........#
############


You could see Maggie, a gnoll sergeant, a bullfrog, a centaur, 2 gnolls and 2
goblins.

Vanquished Creatures
  A two-headed ogre (D:8)
  6 yaks
  An ice beast (D:8)
  A black bear (D:4)
  An orc warrior (D:7)
  4 ogres
  A lemure (D:7)
  3 bullfrogs
  A scorpion (D:5)
  A water moccasin skeleton (D:7)
  10 wights
  A howler monkey (D:8)
  A centaur zombie (D:5)
  A bullfrog zombie (D:6)
  4 hounds
  2 centaur skeletons
  2 bullfrog skeletons (D:6)
  2 orc priests
  2 iguanas
  A scorpion zombie (D:5)
  2 orc wizards (D:3)
  A hound zombie (D:5)
  10 gnolls
  A howler monkey skeleton (D:5)
  2 adders
  A shadow imp (D:6)
  A white imp (D:7)
  An ufetubus (D:6)
  2 worms
  2 dart slugs
  9 orcs
  2 ball pythons (D:1)
  4 endoplasms
  2 giant cockroaches (D:1)
  6 goblins
  8 hobgoblins
  7 quokkas
  5 bats (D:1)
  3 frilled lizards
  7 kobolds
  22 rats
144 creatures vanquished.

Vanquished Creatures (others)
  3 plants (D:7)
  9 withered plants (D:5)
12 creatures vanquished.

Grand Total: 156 creatures vanquished

Notes
Turn   | Place    | Note
-------+----------+-------------------------------------------
     0 | D:1      | AarnesTheHuman the Tengu Air Elementalist began the quest
                  | for the Orb.
     0 | D:1      | Reached XP level 1. HP: 10/10 MP: 4/4
   214 | D:1      | Reached XP level 2. HP: 15/15 MP: 1/6
   849 | D:1      | Reached XP level 3. HP: 14/19 MP: 1/7
  1874 | D:2      | Learned a level 2 spell: Static Discharge
  2205 | D:2      | Reached skill level 5 in Air Magic
  2550 | D:3      | Found a transporter.
  2553 | D:3      | Noticed PirateVox's ghost (amateur GnBe)
  2588 | D:3      | Reached XP level 4. HP: 24/24 MP: 6/8
  2763 | D:3      | Found a transporter.
  2828 | D:3      | HP: 1/24 [orc wizard/magic dart (9)]
  2830 | D:3      | Reached skill level 1 in Shields
  2830 | D:3      | Gained mutation: Your magical nature lets you fly swiftly
                  | and evasively. [Tengu growth]
  2830 | D:3      | Reached XP level 5. HP: 1/28 MP: 7/9
  3363 | D:4      | Found a staircase to the Ecumenical Temple.
  3394 | Temple   | Entered the Ecumenical Temple
  3612 | Temple   | Became a worshipper of Ru the Awakened
  4094 | D:4      | Found Ekhe's Neck Hole.
  4179 | D:4      | Noticed a black bear
  4217 | D:4      | Killed a black bear
  4265 | D:4      | Reached skill level 6 in Air Magic
  4265 | D:4      | Reached XP level 6. HP: 32/32 MP: 5/11
  4373 | D:4      | Found a basalt altar of Yredelemnul.
  4618 | D:4      | Found an opulent altar of Gozag.
  5046 | D:5      | Entered Level 5 of the Dungeon
  5479 | D:5      | Found a runed translucent gate.
  5479 | D:5      | Found a runed translucent gate.
  5479 | D:5      | Found a runed translucent gate.
  5480 | D:5      | Noticed paps's ghost (weakling OpDe)
  5481 | D:5      | Noticed Decritt's ghost (novice MiFi)
  5482 | D:5      | Noticed paps's ghost (weakling OpDe)
  5508 | D:5      | Reached XP level 7. HP: 24/36 MP: 5/12
  5863 | D:5      | Reached skill level 7 in Air Magic
  5931 | D:5      | Found a shimmering blue altar of Sif Muna.
  6120 | D:5      | Found an ancient bone altar of Kikubaaqudgha.
  6156 | D:5      | Found Zuojob's Self-Improvement Boutique.
  6643 | D:5      | Gained mutation: You take slightly more damage. (AC -5) [Ru
                  | sacrifice]
  6643 | D:5      | Reached * piety under Ru
  6992 | D:5      | Reached skill level 5 in Conjurations
  7242 | D:5      | Reached XP level 8. HP: 23/41 MP: 12/15
  7403 | D:6      | Noticed a yak
  7406 | D:6      | Noticed a yak
  7408 | D:6      | Noticed a yak
  7408 | D:6      | Noticed a yak
  7409 | D:6      | Noticed a yak
  7410 | D:6      | Noticed a yak
  7418 | D:5      | Killed a yak
  7419 | D:5      | Reached skill level 8 in Air Magic
  7699 | D:6      | Found a radiant altar of Vehumet.
  7734 | D:6      | Killed a yak
  7869 | D:6      | Learned a level 4 spell: Airstrike
  7873 | D:6      | Learned a level 3 spell: Swiftness
  7878 | D:6      | Learned a level 4 spell: Summon Lightning Spire
  7970 | D:5      | Killed a yak
  7971 | D:5      | Reached skill level 5 in Spellcasting
  7971 | D:5      | Reached skill level 1 in Summonings
  7971 | D:5      | Reached skill level 9 in Air Magic
  8222 | D:5      | Killed a yak
  8422 | D:5      | Killed a yak
  8423 | D:5      | Reached XP level 9. HP: 29/45 MP: 12/18
  8871 | D:6      | Reached skill level 5 in Dodging
  9017 | D:6      | Found a glowing golden altar of the Shining One.
  9159 | D:6      | Found a sparkling altar of Nemelex Xobeh.
  9673 | D:7      | Found Hageisel's Fire Supplies.
 10850 | D:8      | Noticed a two-headed ogre
 10868 | D:8      | Killed a two-headed ogre
 10869 | D:8      | Reached skill level 5 in Summonings
 10870 | D:8      | Reached skill level 10 in Air Magic
 10870 | D:8      | Reached XP level 10. HP: 20/50 MP: 7/21
 10989 | D:8      | Noticed Maggie
 10996 | D:8      | Found a flagged portal.
 11006 | D:8      | HP: 1/50 [centaur/arrow (6)]
 11008 | D:8      | Slain by a bullfrog

Illustrated notes

Levels and vault maps discovered:
D:1:      minmay_arrival_shoal_huts, layout_basic
D:2:      layout_loops_ring, nrook_campfire, chequers_serial_rivers_micro_e,
          minmay_rat_hole
D:3:      layout_rooms, gammafunk_ghost_stat_death, serial_bayou_ford_a
D:4:      layout_loops_ring, grunt_gozag_breadcrumbs,
          mainiacjoe_overflow_24_doors, minmay_temple_entry_grid,
          nicolae_shop_sticking_my_neck_out
D:5:      layout_basic, kiku_gazebo_garden_becter, overflow_temple_1_default,
          gammafunk_ghost_cemetery, nicolae_shop_self_help
D:6:      layout_gridville, vehumet_altar_wand_db, kennysheep_mini,
          kennysheep_mini_moat
D:7:      layout_loops_corners, nicolae_shop_fire_sale [nicolae_sub_dead_trees],
          hangedman_decor_slide_cut, serial_bayou_pond_d, uniq_pikel
D:8:      layout_rooms, enter_bailey_3, minmay_misc_feat_five, uniq_psyche,
          uniq_maggie, uniq_gastronok
Temple:   regret_index_temple_generic_petals

Skill      XL: |  1  2  3  4  5  6  7  8  9 10 |
---------------+-------------------------------+-----
Conjurations   | 2 3 5 |  5.5
Air Magic      | 5 6 7 9 10 | 10.1
Shields        | 1 2 3 4 |  4.0
Spellcasting   | 3 4 5 6 |  6.8
Dodging        | 4 6 |  6.6
Summonings     | 3 5 6 |  6.0
Stealth        | |  2.0

Action                   |  1- 3 |  4- 6 |  7- 9 | 10-12 || total
-------------------------+-------+-------+-------+-------++-------
Melee: Unarmed           |    10 |       |       |       ||    10
       Kick              |     3 |       |    13 |     1 ||    17
       Staff             |     2 |       |       |       ||     2
       Hand axe          |     7 |    14 |    30 |       ||    51
       Peck              |       |     2 |     4 |     1 ||     7
       Dagger            |       |       |     1 |     4 ||     5
Throw: Dart              |       |     5 |     3 |       ||     8
 Cast: Shock             |   101 |    99 |   213 |    20 ||   433
       Static Discharge  |       |       |    18 |       ||    18
Invok: Sacrifice Health  |       |       |     1 |       ||     1
  Use: Scroll            |       |    10 |     6 |     1 ||    17
       Potion            |       |       |     1 |       ||     1
Armor: Robe              |     6 |     1 |     1 |       ||     8
Dodge: Dodged            |    17 |    15 |    47 |    11 ||    90
Block: Buckler           |       |     7 |    34 |     3 ||    44
       Reflection        |       |       |       |     1 ||     1

Table legend: (Time is in decaauts)
 A = Elapsed time spent in this place.
 B = Non-inter-level travel time spent in this place.
 C = Inter-level travel time spent in this place.
 D = Time resting spent in this place.
 E = Time spent auto-exploring this place.
 F = Levels seen in this place.
 G = Mean time per level.
                   A        B        C        D        E       F      G
               +--------+--------+--------+--------+--------+-----+--------+
         Total |  10681 |  10015 |    666 |   3694 |   4741 |   9 | 1186.8 |
       Dungeon |  10456 |   9832 |    624 |   3694 |   4567 |   8 | 1307.0 |
        Temple |    225 |    183 |     42 |      0 |    174 |   1 |  225.0 |
               +--------+--------+--------+--------+--------+-----+--------+

Top non-repeatable levels by time:
     D:5: 2794 daAuts
     D:1: 1647 daAuts
     D:6: 1495 daAuts
     D:4: 1421 daAuts
     D:2: 1191 daAuts
     D:7: 1145 daAuts
     D:3: 557 daAuts
  Temple: 225 daAuts
     D:8: 202 daAuts
